 Dungeon Crawl Stone Soup version 0.28-a0-998-gb9e9c7b67e (webtiles) character file.

Game seed: 13928501759208879879

678 Peloso the Slasher (level 7, -15/61 HPs)
             Began as a Minotaur Fighter on Dec 6, 2021.
             Was a Believer of Okawaru.
             Demolished by an ogre (17 damage)
             ... on level 5 of the Dungeon.
             The game lasted 00:05:37 (4088 turns).

Peloso the Slasher (Minotaur Fighter)               Turns: 4088, Time: 00:05:38

Health: -15/61     AC: 10    Str: 21    XL:     7   Next: 34%
Magic:  5/6        EV:  8    Int:  5    God:    Okawaru [**....]
Gold:   296        SH:  5    Dex: 11    Spells: 6/6 levels left

rFire   . . .      SeeInvis .   a - +0 long sword
rCold   . . .      Faith    .   c - +0 buckler
rNeg    . . .      Spirit   .   r - +0 chain mail
rPois   .          Reflect  .   (helmet restricted)
rElec   .          Harm     .   (no cloak)
rCorr   .          Rampage  .   (no gloves)
Will    .....                   (no boots)
Stlth   ..........              (no amulet)
HPRegen 0.20/turn               (no ring)
MPRegen 0.10/turn               (no ring)

@: lethally poisoned (-15 -> -17)
A: horns 2, retaliatory headbutt
a: Renounce Religion, Heroism


You were on level 5 of the Dungeon.
You worshipped Okawaru.
Okawaru was pleased with you.
You visited 2 branches of the dungeon, and saw 6 of its levels.

You collected 296 gold pieces.

Inventory:

Hand Weapons
 a - a +0 long sword (weapon)
Armour
 b - a +0 scale mail
 c - a +0 buckler (worn)
 r - a +0 chain mail (worn)
Wands
 w - a wand of iceblast (7)
Scrolls
 g - a scroll of blinking
 i - 2 scrolls of noise
 l - a scroll of teleportation
 m - a scroll of fog {unknown}
 p - a scroll of identify
 q - a scroll of immolation {unknown}
 s - a scroll of amnesia
 t - a scroll of vulnerability {unknown}
 v - a scroll of silence {unknown}
 x - a scroll of holy word {unknown}
Potions
 d - 2 potions of might
 e - 3 potions of curing {unknown}
 f - a potion of ambrosia
 h - a potion of invisibility {unknown}
 j - a potion of brilliance {unknown}
 k - 2 potions of degeneration {unknown}
 n - 2 potions of flight {unknown}
 o - 2 potions of lignification {unknown}
 u - a potion of mutation {unknown}


   Skills:
 + Level 5.1 Fighting
 + Level 6.8 Long Blades
 + Level 6.0 Armour
 + Level 2.0 Dodging
 + Level 0.1 Stealth
 + Level 4.5 Shields


You had 6 spell levels left.
You didn't know any spells.
Your spell library contained the following spells:

 Spells                   Type           Power      Damage    Failure   Level
 Sting                    Tmut/Pois      0%         1d3       99%         1
 Poisonous Vapours        Pois/Air       0%         N/A       100%        2
 Olgreb's Toxic Radiance  Pois           0%         N/A       100%        4


Dungeon Overview and Level Annotations

Branches:
Dungeon (5/15)             Temple (1/1) D:4

Altars:
Ashenzari
Fedhas
Kikubaaqudgha
Makhleb
Nemelex Xobeh
Okawaru
Ru
Vehumet
Zin

Shops:
D:4 [


Innate Abilities, Weirdness & Mutations

You have a pair of horns on your head.
You reflexively headbutt those who attack you in melee.


Message History

You barely miss the scorpion. Your headbutt misses the scorpion.
The scorpion is moderately wounded.
The scorpion stings you.
You are poisoned.
The scorpion poisons you!
You hit the scorpion but do no damage.
The scorpion is moderately wounded.
You feel very sick. The scorpion barely misses you. You furiously retaliate!
You headbutt the scorpion, but do no damage.
You slash the scorpion! You headbutt the scorpion.
The scorpion is almost dead.
You feel sick. The scorpion closely misses you.
You hit the scorpion.
You kill the scorpion!
Okawaru accepts your kill.
You feel sick.
Your base Armour skill increases to level 6!
You hit the bullfrog skeleton.
The bullfrog skeleton is lightly damaged.
You feel sick.
You completely miss the ogre.
The ogre is heavily wounded.
You feel sick.
You barely miss the ogre.
The ogre is heavily wounded.
You feel sick. The ogre barely misses you.
You slash the ogre!
The ogre is almost dead.
You feel like a meek peon again.
You feel sick.
You barely miss the ogre.
The ogre is almost dead.
You feel sick. The ogre hits you with a +0 giant club!
* * * LOW HITPOINT WARNING * * *
You hit the ogre.
The ogre is almost dead.
* * * LOW HITPOINT WARNING * * *
You feel sick. The ogre hits you with a +0 giant club!
You die...

####......#. ###
#.>.....#. ..#
######.#....... ..#
#.........#..#.
..####...(.....#..#.
...............#..#.
...##.........#..#.
#.##.........#....
#@##.........#....
#O##.............. .
#Z................ ...
##.............#..
.....####.#...#.....##...
...?..Z..........#####.#.
.......?.##.....## #...
..$.$#......#....#####...
.........#....##..#.....#


You could see an ogre and a bullfrog skeleton.

Vanquished Creatures
  Eustachio (D:4)
  3 scorpions
  A water moccasin skeleton (D:5)
  An orc priest (D:5)
  A bullfrog skeleton (D:5)
  A jelly (D:4)
  A hound (D:2)
  Ijyb (D:5)
  A howler monkey zombie (D:5)
  4 gnolls
  4 adders
  An ufetubus (Temple)
  A worm (D:4)
  A dart slug (D:2)
  3 orcs
  3 bats (D:1)
  6 endoplasms
  4 giant cockroaches
  5 goblins
  3 hobgoblins
  4 jackals (D:1)
  4 kobolds
  2 quokkas
  9 ball pythons
  3 frilled lizards
  5 rats
73 creatures vanquished.

Notes
Turn   | Place    | Note
-------+----------+-------------------------------------------
     0 | D:1      | Peloso the Minotaur Fighter began the quest for the Orb.
     0 | D:1      | Reached XP level 1. HP: 19/19 MP: 0/0
   265 | D:1      | Reached XP level 2. HP: 27/27 MP: 1/1
  1052 | D:1      | Reached XP level 3. HP: 21/33 MP: 2/2
  1634 | D:2      | Reached XP level 4. HP: 40/40 MP: 3/3
  1654 | D:2      | Found a faded altar of an unknown god.
  2485 | D:3      | Reached XP level 5. HP: 47/47 MP: 4/4
  2582 | D:4      | Found a staircase to the Ecumenical Temple.
  2598 | Temple   | Entered the Ecumenical Temple
  2703 | Temple   | Became a worshipper of Warmaster Okawaru
  2906 | D:4      | Reached skill level 5 in Long Blades
  2956 | D:4      | Reached skill level 5 in Armour
  2956 | D:4      | Reached skill level 1 in Dodging
  3066 | D:4      | Found a burning altar of Makhleb.
  3090 | D:4      | Found Haymaoh's Antique Armour Shoppe.
  3230 | D:4      | Noticed Eustachio
  3288 | D:4      | Killed Eustachio
  3288 | D:4      | Reached * piety under Okawaru
  3289 | D:4      | Reached XP level 6. HP: 26/55 MP: 5/5
  3714 | D:5      | Entered Level 5 of the Dungeon
  3781 | D:5      | Reached XP level 7. HP: 31/60 MP: 6/6
  3929 | D:5      | Noticed Ijyb
  3941 | D:5      | Killed Ijyb
  3972 | D:5      | Reached skill level 5 in Fighting
  4003 | D:5      | Found a blossoming altar of Fedhas.
  4003 | D:5      | Found a broken altar of Ashenzari.
  4036 | D:5      | Reached ** piety under Okawaru
  4087 | D:5      | HP: 2/61 [ogre (15)]
  4088 | D:5      | Demolished by an ogre

Illustrated notes

Levels and vault maps discovered:
D:1:      wheals_arrival_shading, layout_basic, minmay_tetromino_l4
D:2:      layout_basic, nicolae_ecumenical_snake_handling, serial_glass,
          glass_columns_c, glass_columns_a, minmay_strange_pillars,
          due_unseen_surprise
D:3:      layout_basic
D:4:      layout_rooms, lightli_temple_of_fire, minmay_temple_entry_arrows,
          serial_shops, nicolae_shop_trees, minivault_27, uniq_eustachio
D:5:      layout_rooms, eat_drink_and_be_merry_uskayaw,
          gammafunk_temple_overflow_elements, lightli_minifort, uniq_ijyb
Temple:   minmay_temple_curvy_loop

Skill      XL: |  1  2  3  4  5  6  7 |
---------------+----------------------+-----
Armour         | 4 5 6 |  6.0
Shields        | 4 |  4.5
Fighting       | 4 5 |  5.1
Long Blades    | 3 4 5 6 |  6.8
Dodging        | 1 2 |  2.0
Stealth        | |  0.1

Action                   |  1- 3 |  4- 6 |  7- 9 || total
-------------------------+-------+-------+-------++-------
Melee: Long sword        |    56 |   112 |    40 ||   208
       Headbutt          |     8 |    14 |     4 ||    26
Invok: Heroism           |       |       |     2 ||     2
  Use: Scroll            |       |     6 |     1 ||     7
Armor: Scale mail        |    53 |    22 |       ||    75
       Chain mail        |       |    35 |     8 ||    43
Dodge: Dodged            |    55 |    75 |    20 ||   150
Block: Buckler           |    18 |    31 |     7 ||    56

Table legend: (Time is in decaauts)
 A = Elapsed time spent in this place.
 B = Non-inter-level travel time spent in this place.
 C = Inter-level travel time spent in this place.
 D = Time resting spent in this place.
 E = Time spent auto-exploring this place.
 F = Levels seen in this place.
 G = Mean time per level.
                   A        B        C        D        E       F      G
               +--------+--------+--------+--------+--------+-----+--------+
         Total |   4118 |   3975 |    143 |    284 |   2999 |   6 |  686.3 |
       Dungeon |   3951 |   3863 |     88 |    284 |   2910 |   5 |  790.2 |
        Temple |    167 |    112 |     55 |      0 |     89 |   1 |  167.0 |
               +--------+--------+--------+--------+--------+-----+--------+

Top non-repeatable levels by time:
     D:1: 1340 daAuts
     D:4: 973 daAuts
     D:2: 814 daAuts
     D:3: 448 daAuts
     D:5: 373 daAuts
  Temple: 167 daAuts
